 Dungeon Crawl Stone Soup version 0.18-a0-844-g9229740 (webtiles) character file.

40782 root the Bludgeoner (level 14, -9/159 HPs)
             Began as an Ogre Berserker on Dec 18, 2015.
             Was a High Priest of Trog.
             Mangled by a wolf spider simulacrum (12 damage)
             ... in an ice cave.
             The game lasted 01:59:49 (16774 turns).

root the Bludgeoner (Ogre Berserker)               Turns: 16774, Time: 01:59:49

Health: -9/159     AC: 16    Str: 27    XL:     14   Next: 12%
Magic:  14/14      EV: 15    Int:  6    God:    Trog [*****.]
Gold:   508        SH:  0    Dex: 13    Spells: 0 memorised, 13 levels left

rFire  . . .     SeeInvis .     H - +4 giant spiked club
rCold  . . .     Gourm    .     a - quicksilver dragon armour
rNeg   . . .     Faith    .     (shield currently unavailable)
rPois  .         Spirit   .     V - +2 hat
rElec  .         Dismiss  .     g - +1 cloak
rCorr  +         Reflect  .     (gloves unavailable)
SustAt .         Harm     .     (boots unavailable)
MR     +++++                    B - amulet "Soheas" {rCorr rC- MR+ Str+2 Slay+6}
Stlth  +.........               (no ring)
                                y - ring of ice

@: exhausted, regenerating, slowed, very slow, almost entirely resistant to
hostile enchantments, very unstealthy
A: unfitting armour, fire resistance 1, magic resistance 1, tough skin 1,
MP-powered wands
a: Berserk, Trog's Hand, Brothers in Arms, Burn Spellbooks, Renounce Religion


You were in an ice cave.
You worshipped Trog.
Trog was extremely pleased with you.
You were not hungry.

You visited 3 branches of the dungeon, and saw 16 of its levels.
You also visited: Bailey and Ice Cave.

You collected 1493 gold pieces.
You spent 985 gold pieces at shops.

Inventory:

Hand Weapons
 t - a +2 flail of protection
 D - a +0 blowgun
 H - a +4 giant spiked club (weapon)
 X - a +5 great mace of holy wrath
Missiles
 w - 32 tomahawks (quivered)
 E - 45 poisoned needles
 F - 5 throwing nets
 R - 8 curare-tipped needles
 S - 16 needles of sleeping
 W - 6 needles of slowing
 Y - 5 large rocks
 Z - 13 poisoned tomahawks
Armour
 a - a quicksilver dragon armour (worn)
 g - a +1 cloak (worn)
 V - a +2 hat (worn)
Rods
 K - a +1 rod of shadows (14/14)
   (You found it on level 5 of the Dungeon)
Jewellery
 f - a +5 amulet of reflection
 y - a ring of ice (left hand)
 B - the amulet "Soheas" (around neck) {rCorr rC- MR+ Str+2 Slay+6}
   (You found it on level 4 of the Dungeon)

   [amulet of resist corrosion]

   It protects you from acid and corrosion.
   It affects your strength (+2).
   It affects your accuracy and damage with ranged weapons and melee attacks
   (+6).
   It makes you vulnerable to cold.
   It affects your resistance to hostile enchantments.
Scrolls
 h - 9 scrolls of remove curse
 j - 4 scrolls of fear
 x - 2 scrolls of magic mapping
 A - a scroll of identify
 P - a scroll of teleportation
Potions
 l - 5 potions of heal wounds
 s - 11 potions of curing
 v - a potion of cure mutation
 z - 5 potions of agility
 C - 2 potions of resistance
 I - a potion of cancellation
 L - 2 potions of brilliance
 O - 3 potions of haste
 U - a potion of might
Comestibles
 c - 6 bread rations


   Skills:
 + Level 15.2 Fighting
 + Level 16.2 Maces & Flails
 + Level 7.5 Throwing
 * Level 4.7 Armour
 + Level 12.0 Dodging


You had 13 spell levels left.
You didn't know any spells.

Dungeon Overview and Level Annotations

Branches:
Dungeon (11/15)            Temple (0/1) D:6            Lair (3/8) D:11
 Shoals (0/4) Lair:3          Orc (2/2) D:10            Elf (0/3) Orc:2
  Snake: Lair:3-6    Spider: Lair:3-6

Altars:
Ashenzari
Dithmenos
Elyvilon
Makhleb
Nemelex Xobeh
Pakellas
Ru

Shops:
D:5 [:[   D:6 (   Orc:1 [   Orc:2 :*[(

Annotations:
D:8 4 runed doors


Innate Abilities, Weirdness & Mutations

You are too large for most types of armour.
You have tough skin (AC +1).
Your flesh is heat resistant.
You are resistant to hostile enchantments.
You expend magic power (3 MP) to strengthen your wands.


Message History

The wolf spider simulacrum barely misses you.
The wolf spider simulacrum bites you but does no damage.
The death yak simulacrum gores you! The death yak simulacrum freezes you!!
You puncture the death yak simulacrum!
The wolf spider simulacrum completely misses you.
The wolf spider simulacrum misses you. The wolf spider simulacrum hits you.
The wolf spider simulacrum freezes you!
The wolf spider simulacrum bites you but does no damage.
The death yak simulacrum gores you! The death yak simulacrum freezes you!!
* * * LOW HITPOINT WARNING * * *
You puncture the death yak simulacrum! The wolf spider simulacrum hits you!
* * * LOW HITPOINT WARNING * * *
The wolf spider simulacrum freezes you!!
* * * LOW HITPOINT WARNING * * *
The wolf spider simulacrum completely misses you.
The death yak simulacrum gores you but does no damage.
The wolf spider simulacrum hits you.
* * * LOW HITPOINT WARNING * * *
The wolf spider simulacrum freezes you!
You die...

#### ##..##
##
##....##..##
#.....Z....##
#.∩.∩@Z.....#
#.....§.##...
##....###
##..## ####


You could see a death yak simulacrum and a wolf spider simulacrum.

Vanquished Creatures
  Maud (Orc:1)
  An orc warlord (Orc:2)
  The ghost of vatarom the Basher, a journeyman DsAs of Okawaru (Lair:3)
  Harold (Orc:1)
  The ghost of deanyohobro the Cleaver, a journeyman MiFi (Orc:1)
  Fannar (Lair:1)
  A hydra (Lair:1)
  Erica (Orc:1)
  3 orc high priests
  Nergalle (Orc:1)
  The ghost of M4edhros the Covert, a novice OpAr of Fedhas (D:9)
  3 hill giants
  The ghost of tof the Covered, a novice MiFi of Trog (D:6)
  5 orc sorcerers
  3 orc knights (Orc:2)
  A spiny frog (Lair:1)
  2 komodo dragons (D:11)
  2 kobold demonologists
  3 two-headed ogres
  A troll (Orc:1)
  A trapdoor spider zombie (D:8)
  A fire elemental (Orc:1)
  7 yaks
  6 hippogriffs
  Edmund (D:4)
  3 wargs
  A mottled dragon (D:11)
  2 water moccasins
  3 ice beasts
  3 porcupines
  36 orc warriors
  2 black bears
  14 ogres
  2 sky beasts
  3 phantoms
  5 centaurs
  5 giant frogs
  5 crocodiles
  Blork the orc (D:4)
  4 big kobolds
  A gnoll sergeant (D:8)
  2 scorpions
  3 killer bees (D:7)
  A quasit (D:8)
  A centaur zombie (D:10)
  8 crimson imps
  An electric eel (Lair:3)
  A giant frog zombie (D:10)
  2 jellies
  Crazy Yiuf (D:4)
  9 hounds
  19 orc priests
  4 giant frog skeletons
  19 orc wizards
  7 iguanas
  7 worker ants
  2 wolf simulacra (IceCv)
  A hound zombie (D:6)
  2 hound skeletons
  19 gnolls
  13 adders
  29 river rats
  2 worker ant zombies
  4 shadow imps
  An adder zombie (D:9)
  An ooze (D:5)
  An adder skeleton (D:4)
  7 giant geckos
  88 orcs
  2 ball pythons (D:1)
  2 bats
  17 hobgoblins
  8 jackals
  7 giant cockroaches
  2 giant newts
  25 goblins
  20 kobolds
  3 quokkas
  A quokka skeleton (D:7)
  3 rats
  A fungus (D:4)
486 creatures vanquished.

Vanquished Creatures (collateral kills)
  An orc high priest (Orc:2)
  An orc knight (Orc:2)
  4 orc warriors (Orc:2)
  2 orc priests (Orc:2)
  2 orcs (Orc:2)
10 creatures vanquished.

Vanquished Creatures (others)
  An orc priest (Orc:2)
1 creature vanquished.

Grand Total: 497 creatures vanquished

Notes
Turn   | Place    | Note
--------------------------------------------------------------
     0 | D:1      | root the Ogre Berserker began the quest for the Orb.
     0 | D:1      | Reached XP level 1. HP: 24/24 MP: 1/1
   378 | D:1      | Reached XP level 2. HP: 33/33 MP: 2/2
  1112 | D:2      | Reached XP level 3. HP: 33/40 MP: 3/3
  1488 | D:2      | Gained mutation: You are resistant to hostile enchantments. [potion of mutation]
  1488 | D:2      | Gained mutation: You expend magic power (3 MP) to strengthen your wands. [potion of mutation]
  1488 | D:2      | Gained mutation: Your flesh is heat resistant. [potion of mutation]
  1490 | D:2      | Reached ** piety under Trog
  2370 | D:3      | Reached skill level 5 in Fighting
  2370 | D:3      | Reached XP level 4. HP: 48/50 MP: 4/4
  2491 | D:3      | Found a burning altar of Makhleb.
  2665 | D:3      | Reached skill level 5 in Maces & Flails
  2665 | D:3      | Reached XP level 5. HP: 57/57 MP: 5/5
  3186 | D:3      | Found a shattered altar of Ashenzari.
  3273 | D:3      | Found a sacrificial altar of Ru.
  3705 | D:4      | Noticed Edmund
  3717 | D:4      | Killed Edmund
  3717 | D:4      | Reached skill level 5 in Dodging
  3717 | D:4      | Reached XP level 6. HP: 67/67 MP: 6/6
  3797 | D:4      | Reached skill level 6 in Fighting
  3811 | D:4      | Reached XP level 7. HP: 40/75 MP: 7/7
  3847 | D:4      | Got a shimmering iron amulet
  3889 | D:4      | Reached *** piety under Trog
  4225 | D:4      | Noticed Blork the orc
  4231 | D:4      | Killed Blork the orc
  4421 | D:4      | Reached skill level 7 in Fighting
  4421 | D:4      | Reached XP level 8. HP: 82/87 MP: 8/8
  4730 | D:4      | Noticed Crazy Yiuf
  4734 | D:4      | Killed Crazy Yiuf
  4791 | D:5      | Entered Level 5 of the Dungeon
  4843 | D:5      | Reached **** piety under Trog
  4895 | D:5      | Found Bimamug's Antique Armour Shoppe.
  5069 | D:5      | Found Dieduomi's Book Boutique.
  5503 | D:5      | Found an oddly glowing altar of Pakellas.
  5517 | D:5      | Found a sparkling altar of Nemelex Xobeh.
  5531 | D:5      | Found Uvvugaet's Armour Shoppe.
  5712 | D:6      | Reached skill level 8 in Maces & Flails
  5781 | D:6      | Reached XP level 9. HP: 86/94 MP: 9/9
  5836 | D:6      | Found a staircase to the Ecumenical Temple.
  6005 | D:6      | Found a shadowy altar of Dithmenos.
  6067 | D:6      | Noticed tof's ghost (novice MiFi)
  6081 | D:6      | Killed tof's ghost
  6081 | D:6      | Reached skill level 9 in Maces & Flails
  6151 | D:6      | Found Utokoeck's Antique Weapon Shoppe.
  6561 | D:7      | Received a gift from Trog
  6721 | D:7      | Reached skill level 1 in Throwing
  6806 | D:7      | Found a sacrificial altar of Ru.
  7045 | D:7      | Reached skill level 10 in Maces & Flails
  7289 | D:8      | Reached XP level 10. HP: 54/107 MP: 10/10
  7582 | D:8      | Received a gift from Trog
  7672 | D:8      | Found a huge runed gate.
  7672 | D:8      | Found a huge runed gate.
  7672 | D:8      | Found a huge runed gate.
  7672 | D:8      | Found a huge runed gate.
  7672 | D:8      | Noticed a griffon
  7672 | D:8      | Noticed a griffon
  7672 | D:8      | Noticed a griffon
  8039 | D:8      | Found a white marble altar of Elyvilon.
  8172 | D:9      | Noticed M4edhros's ghost (novice OpAr)
  8196 | D:9      | Killed M4edhros's ghost
  8196 | D:9      | Reached skill level 11 in Maces & Flails
  8211 | D:9      | Reached skill level 10 in Dodging
  8329 | D:9      | Reached ***** piety under Trog
  8329 | D:9      | Reached skill level 10 in Fighting
  8727 | D:9      | Received a gift from Trog
  8937 | D:10     | Entered Level 10 of the Dungeon
  8949 | D:10     | Noticed a hill giant
  8964 | D:10     | Killed a hill giant
  8964 | D:10     | Reached XP level 11. HP: 64/119 MP: 11/11
  8983 | D:10     | Found a staircase to the Orcish Mines.
  9002 | D:10     | Noticed a hill giant
  9005 | D:10     | Killed a hill giant
  9005 | D:10     | Reached skill level 12 in Maces & Flails
  9044 | D:10     | Found a flagged portal.
  9049 | Bailey   | Entered a bailey
  9597 | Bailey   | Received a gift from Trog
  9854 | Bailey   | Found an iron altar of Okawaru.
 10249 | D:10     | Received a gift from Trog
 10785 | Orc:1    | Entered Level 1 of the Orcish Mines
 10785 | Orc:1    | Noticed deanyohobro's ghost (journeyman MiFi)
 10794 | Orc:1    | Killed deanyohobro's ghost
 10872 | Orc:1    | Noticed Maud
 10890 | Orc:1    | Killed Maud
 10890 | Orc:1    | Reached skill level 13 in Maces & Flails
 11085 | Orc:1    | Noticed Erica
 11104 | Orc:1    | Reached skill level 5 in Throwing
 11147 | Orc:1    | Killed Erica
 11331 | Orc:1    | Noticed Nergalle
 11346 | Orc:1    | Killed Nergalle
 11357 | Orc:1    | Reached XP level 12. HP: 121/131 MP: 12/12
 11401 | Orc:1    | Reached skill level 14 in Fighting
 11401 | Orc:1    | Reached XP level 13. HP: 96/146 MP: 13/13
 11550 | Orc:1    | Found Odaebri's Armour Shop.
 11559 | Orc:1    | Bought a quicksilver dragon hide for 700 gold pieces
 11745 | Orc:1    | Noticed Harold
 11760 | Orc:1    | Killed Harold
 11847 | Orc:2    | Entered Level 2 of the Orcish Mines
 11894 | Orc:2    | Found a staircase to the Elven Halls.
 12072 | Orc:2    | Reached skill level 1 in Armour
 12100 | Orc:2    | Received a gift from Trog
 12679 | Orc:2    | Reached skill level 15 in Maces & Flails
 12839 | Orc:2    | Received a gift from Trog
 12978 | Orc:2    | Noticed an orc warlord
 13164 | Orc:2    | Killed an orc warlord
 13617 | Orc:2    | Found Faank's Antique Armour Emporium.
 13618 | Orc:2    | Found Kimicwu's Antique Weapon Shoppe.
 13621 | Orc:2    | Found Wouni's General Store.
 13621 | Orc:2    | Found Foti's Book Emporium.
 13626 | Orc:2    | Bought a scroll of identify for 24 gold pieces
 13626 | Orc:2    | Bought a potion of curing for 36 gold pieces
 13637 | Orc:2    | Bought a twisted morningstar for 225 gold pieces
 13642 | Orc:2    | Identified the cursed +0 morningstar of Isattus {drain, rElec rC++ Str+3} (You bought it in a shop on level 2 of the Orcish Mines)
 13657 | Orc:2    | Identified a +1 rod of shadows (14/14) (You found it on level 5 of the Dungeon)
 14375 | D:11     | Identified the amulet "Soheas" {rCorr rC- MR+ Str+2 Slay+6} (You found it on level 4 of the Dungeon)
 14745 | D:11     | Found a staircase to the Lair.
 14780 | Lair:1   | Entered Level 1 of the Lair of Beasts
 14801 | Lair:1   | Noticed Fannar
 14809 | Lair:1   | Killed Fannar
 14876 | Lair:1   | Reached skill level 15 in Fighting
 14891 | Lair:1   | Received a gift from Trog
 15224 | Lair:1   | Reached XP level 14. HP: 153/159 MP: 14/14
 15288 | Lair:1   | Received a gift from Trog
 15818 | Lair:2   | Reached skill level 16 in Maces & Flails
 16477 | Lair:2   | Received a gift from Trog
 16741 | Lair:3   | Noticed vatarom's ghost (journeyman DsAs)
 16752 | Lair:3   | Killed vatarom's ghost
 16754 | Lair:3   | Found a frozen archway.
 16768 | IceCv    | Entered an ice cave
 16774 | IceCv    | HP: 7/159 [wolf spider simulacrum (28)]
 16774 | IceCv    | HP: 3/159 [wolf spider simulacrum (4)]
 16774 | IceCv    | Mangled by a wolf spider simulacrum

Vault maps used:
D:1:      dpeg_arrival_more_subterranean_lakeside_camping
D:2:      first_bread
D:3:      makhleb_grotto_becter, lemuel_coloured_pillars_altar,
          ashenzari_conservatory_becter
D:4:      corexii_shantytown, uniq_blork_the_orc, uniq_edmund,
          uniq_crazy_yiuf_cottage
D:5:      lemuel_crystal_altar, serial_shops, kennysheep_little_box, shop, shop,
          nemelex_dance_club_becter
D:6:      grunt_dithmenos_smoke_and_mirrors, minmay_temple_entry_grid,
          serial_shops, shop
D:7:      basic_altar
D:8:      lemuel_bear_cage, kennysheep_mini
D:10:     orc_0_dummy, enter_bailey_3, special_room, blue_anna_alchemist
D:11:     erik_lair_dragon
Lair:1:   st_stairs_8, uniq_sonja, uniq_fannar
Lair:2:   serial_bayou_shore_b, lemuel_fruit_fields, grunt_megastairs_2
Lair:3:   minmay_shoals_entry_beasts, portal_ice_cave_entry_pillars_02,
          minivault_11, infiniplex_staircase_pool
Orc:1:    serial_shops, nicolae_shop_crystal, nicolae_orc_lava_tube,
          uniq_harold, uniq_maud, uniq_erica, uniq_nergalle
Orc:2:    st_orc_congregation
Bailey:   bailey_axe_of_yendor_kennysheep, bailey
IceCv:    ice_cave_small_necro

Action                   |  1- 3 |  4- 6 |  7- 9 | 10-12 | 13-15 || total
-------------------------+-------+-------+-------+-------+-------++-------
Melee: Mace              |    95 |   149 |       |       |       ||   244
       Flail             |       |    13 |   421 |   217 |       ||   651
       Giant spiked club |       |       |       |   199 |   348 ||   547
       Great mace        |       |       |       |       |     1 ||     1
 Fire: Blowgun           |       |       |     3 |     7 |       ||    10
Throw: Tomahawk          |       |       |    14 |    72 |    70 ||   156
       Javelin           |       |       |       |       |    24 ||    24
Invok: Berserk           |       |     4 |     2 |     6 |     4 ||    16
       Trog's Hand       |       |     1 |       |     3 |     5 ||     9
       Brothers in Arms  |       |       |       |       |     3 ||     3
  Use: Potion            |     2 |       |       |     1 |     1 ||     4
       Scroll            |       |       |       |    29 |     5 ||    34
 Stab: Sleeping          |       |     1 |     2 |       |       ||     3
       Distracted        |       |       |       |     2 |       ||     2
  Eat: Chunk             |     5 |     7 |    15 |    18 |    21 ||    66
       Fruit             |       |       |       |     3 |       ||     3
       Bread ration      |       |       |       |       |     1 ||     1
